drae, chaotic female elven Wizard ------- |.....| -|------------ #......| |............| #------- ------- |............| #### |......# |.......[.....# # |.....|# |............|# # |<....|# -.--|---------# # -----.-### # ## # # # # ----------- # # # # ######### ### |.........| ### ### # -|--------- # |.........| # # # |.........| ##-.........| # # ### # |%%!%%%!%%| |.........-##[# -.-|-- # ----------# |.%!%%%%%!| ----------- # |...>| ###|........|# |%..%%%%%!| ##...f.| #.........-# ----------- |...o| |........| ----o- ---------- @ drae the Conjurer Experience level: 4 Strength: 14 Dexterity: 12 Constitution: 15 Intelligence: 17 Wisdom: 11 Charisma: 8 Health: 0(26) Energy: 36(36) Def: 1 Gold: 299 Moves: 2489 Dungeon seed: o60PP3IKagXI7kp0 Game ID: drae_1464265632 Your Inventory: Coins $ - 299 gold pieces Weapons a - a blessed +1 quarterstaff (weapon in hands) y - a blessed +2 elven dagger B - 3 blessed +1 darts C - an uncursed +0 dagger D - 10 uncursed +0 shuriken I - 11 uncursed +0 orcish arrows Armor e - an uncursed +0 cloak of magic resistance (being worn) z - a cursed +0 pair of iron shoes Comestibles t - an uncursed food ration Scrolls i - 2 uncursed scrolls of identify j - a blessed scroll of gold detection k - an uncursed scroll of confuse monster u - an uncursed scroll of punishment v - a cursed scroll of enchant weapon w - an uncursed scroll of food detection Spellbooks l - a blessed spellbook of force bolt m - an uncursed spellbook of magic missile F - an uncursed spellbook of light J - an uncursed spellbook of confuse monster Potions g - an uncursed potion of gain ability h - an uncursed potion of paralysis p - an uncursed potion of confusion s - an uncursed potion of blindness x - an uncursed potion of speed A - a cursed potion of booze E - an uncursed potion of extra healing L - an uncursed potion of levitation Rings c - an uncursed ring of fire resistance d - an uncursed ring of free action Wands b - an uncursed wand of digging (0:8) o - an uncursed wand of undead turning (0:7) G - an uncursed wand of nothing (0:3) Tools n - an uncursed bell H - an uncursed tin whistle Gems r - an uncursed jasper stone Spells and supernatural/magical abilities: Name Level Category Fail Memory a - force bolt 1 attack 0% 88% l - light 1 divination 0% 97% m - magic missile 2 attack 0% 88% W - pray for help -- divine ? -- Your skills at the end: Fighting Skills Weapon Skills quarterstaff [Basic] Spellcasting Skills attack spells [Basic] enchantment spells [Basic] Final Attributes: You were piously aligned. You were sleep resistant. You were magic-protected. You had infravision. You were going to confuse monsters. You are dead. Vanquished creatures: 3 hill orcs 2 rothes a werejackal an iguana 2 hobbits 2 large kobolds a hobgoblin 2 giant rats a brown mold a yellow mold a gecko 12 jackals a fox a kobold a goblin 3 grid bugs 6 lichens a kobold zombie 3 newts 45 creatures vanquished. Voluntary challenges: You used a wielded weapon 29 times, starting on turn 246. You read items or engraved 7 times, starting on turn 829. You never genocided any monsters. You never polymorphed an object. You never changed form. You used no wishes. You never split a pudding. You wrote Elbereth's name 5 times, starting on turn 829. You never violated your personal moral code. Dungeon overview: The Dungeons of Doom: levels 1 to 5 Level 1 an altar to Thoth, some fountains a long staircase Level 2 stairs to The Gnomish Mines Level 3 a general store Level 4 <- You were here a delicatessen Level 5 The Gnomish Mines: Level 3 stairs to The Dungeons of Doom History has recorded: On T:1 you entered the Dungeons of Doom to retrieve the Amulet of Yendor! On T:448 you reached level 2 of The Dungeons of Doom. On T:757 you advanced to experience level 2. On T:1152 you advanced to experience level 3. On T:1194 you reached level 1 of The Gnomish Mines. On T:1302 you reached level 3 of The Dungeons of Doom. On T:1561 you reached level 4 of The Dungeons of Doom. On T:1707 you advanced to experience level 4. On T:2001 you reached level 5 of The Dungeons of Doom. Score breakdown: Gold: 299 ( 8426 points) Experience: 4 levels ( 9649 points) Exploration: 5 levels ( 10.20%) ( 8660 points) Discoveries: 1 item ( 0.36%) ( 1802 points) Valuables value: (no points given unless you survive) Artifact value: 0 ( 0 points) Variety of kills: 19 monsters ( 4.99%) ( 6699 points) Turncount: 2489 turns ( -324 points) Survival: died (score multiplied by 80%) Total score: 27929 Latest messages: r - an uncursed red gem. A red gem lands on the altar. You have a little trouble removing r - a red gem. Your movements are slowed slightly because of your load. The hill orc hits! You die... Final status: Goodbye drae the Wizard, killed by a hill orc... You died in The Dungeons of Doom on dungeon level 4 with 27929 points, and 299 pieces of gold, after 2489 moves. You were level 4 with a maximum of 26 hit points when you died.